 Dungeon Crawl Stone Soup version 0.22.0-75-g3901e79 (webtiles) character file.

333 Fang the Chopper (level 6, -7/58 HPs)
             Began as a Gargoyle Berserker on Sept 13, 2018.
             Was a Believer of Trog.
             Splashed by Ijyb's acid (13 damage)
             ... on level 5 of the Dungeon on Sept 14, 2018.
             The game lasted 00:03:49 (3776 turns).

Fang the Chopper (Gargoyle Berserker)               Turns: 3776, Time: 00:03:50

Health: -7/58      AC:  2    Str: 27    XL:     6   Next: 52%
Magic:  0/6        EV: 12    Int:  8    God:    Trog [**....]
Gold:   187        SH:  0    Dex:  9    Spells: 5/5 levels left

rFire    . . .     SeeInvis .   a - +0 hand axe
rCold    . . .     Gourm    .   (no shield)
rNeg     + . .     Faith    .   b - +0 animal skin
rPois    ∞         Spirit   +   (no helmet)
rElec    +         Reflect  .   (no cloak)
rCorr    .         Harm     .   (no gloves)
MR       .....                  (no boots)
Stlth    ..........             g - amulet of guardian spirit
HPRegen  0.19/turn              (no ring)
MPRegen  0.10/turn              (no ring)

@: berserking, corroded, very quick
A: negative energy resistance 1, electricity resistance, unbreathing,
petrification resistance, rot immunity, AC +4
a: Berserk, Trog's Hand, Renounce Religion


You were on level 5 of the Dungeon.
You worshipped Trog.
Trog was pleased with you.
You were hungry.

You visited 1 branch of the dungeon, and saw 5 of its levels.

You collected 187 gold pieces.

Inventory:

Hand Weapons
 a - a +0 hand axe (weapon)
Missiles
 t - 7 javelins (quivered)
Armour
 b - a +0 animal skin (worn)
Jewellery
 g - an amulet of guardian spirit (around neck)
Scrolls
 d - 2 scrolls of enchant weapon {unknown}
 e - 4 scrolls of remove curse {unknown}
 h - 2 scrolls of random uselessness {unknown}
 i - a scroll of fog {unknown}
 j - a scroll of blinking {unknown}
 l - 3 scrolls of teleportation {unknown}
 n - 2 scrolls of magic mapping {unknown}
 p - a scroll of identify {unknown}
 u - a scroll of fear {unknown}
 v - 2 scrolls of immolation {unknown}
Potions
 f - 4 potions of heal wounds {unknown}
 k - a potion of might {unknown}
 m - a potion of invisibility {unknown}
 o - a potion of degeneration {unknown}
 q - a potion of brilliance {unknown}
 r - a potion of magic {unknown}
 s - a potion of curing {unknown}
Comestibles
 c - 4 rations


   Skills:
 + Level 4.5 Fighting
 + Level 4.9 Axes
 + Level 2.5 Armour
 + Level 2.9 Dodging
 + Level 1.3 Stealth


You had 5 spell levels left.
You didn't know any spells.
Your spell library was empty.

Dungeon Overview and Level Annotations

Branches:
Dungeon (5/15)
 Temple: D:4-7

Altars:
Ashenzari
Gozag
Hepliaklqana
Nemelex Xobeh
Xom
Yredelemnul

Annotations:
D:5 Ijyb


Innate Abilities, Weirdness & Mutations

You are resistant to torment.
Your stone body is resilient. (AC +4)
You are immune to poison.
You resist negative energy. (rN+)
You are resistant to electric shocks. (rElec)
You can survive without breathing.
You are immune to petrification.
You are immune to rotting.


Message History

A red film seems to cover your vision as you go berserk!
You feel yourself moving faster!
You feel mighty!
You are feeling hungry.
The centaur hits you but does no damage.
You are too injured to fight recklessly!
You hit the centaur.
The centaur is lightly wounded.
The centaur hits you but does no damage.
You slash the centaur!
The centaur is moderately wounded.
The centaur completely misses you. The centaur hits you.
You slash the centaur!
The centaur is almost dead.
You slash the centaur!
You kill the centaur!
Trog accepts your kill.
Ijyb zaps a wand.
The bolt of acid hits you!
* * * LOW HITPOINT WARNING * * *
The acid corrodes you!
You are splashed with acid!
The acid burns!
You die...

..........#.....#
...####.###.....##
...# #.#........#
...# # #.#......#
...# ....######.#
...###... #.#
........ #.#
........ #.#
(....... #@#
÷....... #)#
........


.gS <....... ..... ......#+ ....... ......# .###.#.## ..##### .. #.#.. ### ..
...... You could see Ijyb and an adder.

Vanquished Creatures
  A centaur (D:5)
  A howler monkey (D:4)
  A centaur skeleton (D:3)
  An orc wizard (D:5)
  A worker ant (D:5)
  3 adders
  An ooze (D:3)
  4 worms
  4 dart slugs
  3 leopard geckos
  3 orcs (D:5)
  2 giant cockroaches (D:1)
  9 goblins
  6 hobgoblins
  14 jackals
  3 quokkas
  3 ball pythons
  4 bats (D:1)
  5 frilled lizards
  7 kobolds
  7 rats
  A spectral orc (D:2)
84 creatures vanquished.

Notes
Turn   | Place    | Note
-------+----------+-------------------------------------------
     0 | D:1      | Fang the Gargoyle Berserker began the quest for the Orb.
     0 | D:1      | Reached XP level 1. HP: 14/14 MP: 1/1
   231 | D:1      | Reached XP level 2. HP: 19/19 MP: 2/2
   648 | D:1      | Reached XP level 3. HP: 19/24 MP: 3/3
   858 | D:2      | Found a shimmering altar of Xom.
   859 | D:2      | Found a hazy altar of Hepliaklqana.
   859 | D:2      | Noticed an earth elemental
   860 | D:2      | Noticed an earth elemental
   860 | D:2      | Noticed a spectral ugly thing
   865 | D:2      | Reached ** piety under Trog
  1579 | D:2      | Reached XP level 4. HP: 19/29 MP: 2/4
  1782 | D:2      | Found an opulent altar of Gozag.
  1786 | D:2      | Found a sparkling altar of Nemelex Xobeh.
  1791 | D:2      | Found a shattered altar of Ashenzari.
  1961 | D:2      | Found a basalt altar of Yredelemnul.
  2490 | D:3      | Reached skill level 1 in Stealth
  2490 | D:3      | Reached XP level 5. HP: 20/33 MP: 2/5
  3002 | D:4      | Noticed a phantom
  3438 | D:5      | Entered Level 5 of the Dungeon
  3438 | D:5      | Noticed a phantom
  3699 | D:5      | Reached XP level 6. HP: 27/39 MP: 4/6
  3750 | D:5      | Noticed Ijyb
  3776 | D:5      | Splashed by Ijyb's acid

Skill      XL: |  1  2  3  4  5 |
---------------+----------------+-----
Axes           | 3 4 |  4.9
Dodging        | 2 |  2.9
Fighting       | 4 |  4.5
Stealth        | 1 |  1.3
Armour         | |  2.5

Action                   |  1- 3 |  4- 6 || total
-------------------------+-------+-------++-------
Melee: Hand axe          |   154 |   177 ||   331
Invok: Berserk           |       |     3 ||     3
  Eat: Chunk             |     2 |     6 ||     8
       Ration            |       |     1 ||     1
Armor: Animal skin       |    61 |    61 ||   122
Dodge: Dodged            |   137 |   110 ||   247
